 Dungeon Crawl Stone Soup version 0.30.1-9-gdf580d7c3d (webtiles) character file.

Game seed: 4027119827847570745

114 fireball365 the Covered (level 4, 0/41 HPs)
             Began as a Hill Orc Fighter on Oct 8, 2023.
             Killed by divine providence
             ... invoked by an orc priest
              (17 damage)
             ... on level 3 of the Dungeon.
             The game lasted 00:03:19 (2336 turns).

fireball365 the Covered (Hill Orc Fighter)          Turns: 2336, Time: 00:03:19

Health: 0/41       AC:  7    Str: 20    XL:     4   Next: 98%
Magic:  4/4        EV:  9    Int:  8    God:
Gold:   175        SH:  4    Dex: 10    Spells: 3/3 levels left

rFire   . . .        a - +0 war axe
rCold   . . .        c - +0 buckler
rNeg    . . .        b - +0 scale mail
rPois   .            (no helmet)
rElec   .            (no cloak)
rCorr   .            (no gloves)
SInv    .            (no boots)
Will    .....        (no amulet) Stlth
                     (no ring)
HPRegen 0.26/turn    (no ring)
MPRegen 0.09/turn

%: no passive effects
@: no status effects
A: no striking features
a: Convert to Beogh


You were on level 3 of the Dungeon.
You visited 1 branch of the dungeon, and saw 3 of its levels.

You collected 175 gold pieces.

Inventory:

Hand Weapons
 a - a +0 war axe (weapon)
Missiles
 m - 5 poisoned darts (quivered)
Armour
 b - a +0 scale mail (worn)
 c - a +0 buckler (worn)
Scrolls
 e - a scroll of teleportation {unknown}
 f - 2 scrolls of magic mapping
 g - 2 scrolls of enchant armour
 i - a scroll of noise {unknown}
 j - 2 scrolls of immolation
 k - a scroll of fear {unknown}
 o - a scroll of amnesia {unknown}
Potions
 d - 3 potions of might
 h - a potion of heal wounds {unknown}
 l - 2 potions of invisibility
 n - a potion of magic {unknown}
 p - a potion of cancellation {unknown}


   Skills:
 + Level 4.3 Fighting
 + Level 4.2 Axes
 + Level 4.4 Armour
 + Level 0.1 Dodging
 + Level 0.3 Stealth
 + Level 3.6 Shields


You had 3 spell levels left.
You didn't know any spells.
Your spell library contained the following spells:

 Spells                   Type           Power      Damage    Failure   Level
 Ensorcelled Hibernation  Hex/Ice        0%         N/A       92%         2
 Sublimation of Blood     Necr           0%         N/A       92%         2
 Wereblood                Tmut           0%         N/A       92%         2
 Ozocubu's Armour         Ice            0%         N/A       99%         3
 Spider Form              Tmut/Pois      0%         N/A       99%         3
 Stone Arrow              Conj/Erth      0%         3d7       99%         3
 Anguish                  Hex/Necr       0%         N/A       100%        4
 Animate Armour           Summ/Erth      0%         N/A       100%        4
 Ozocubu's Refrigeration  Ice            0%         4d7       100%        7
 Summon Hydra             Summ           0%         N/A       100%        7
 Lehudib's Crystal Spear  Conj/Erth      0%         10d2      100%        8


Dungeon Overview and Level Annotations

Branches:
Dungeon (3/15)

Altars:


Message History

The orc priest shouts, "Join the one true god or die!" (press Y on the ability menu to convert to Beogh)
An orc comes into view. It is wielding a +0 club.
The orc priest casts a cantrip, but nothing happens.
The orc barely misses you.
You closely miss the orc. The orc closely misses you.
You hit the orc.
The orc is severely wounded.
The orc hits you with a +0 short sword.
You closely miss the orc.
The orc is severely wounded.
The orc hits you but does no damage. x2
You completely miss the orc.
The orc is severely wounded.
You block the orc's attack.
You hit the orc.
You kill the orc!
The orc priest mumbles some strange prayers to Beogh against you.
Beogh smites you! The kobold hits you but does no damage.
The orc priest invokes the aid of Beogh against you.
Beogh smites you!
You hit the kobold.
You kill the kobold!
You hit the orc priest.
The orc priest is moderately wounded.
The orc priest hits you but does no damage.
You hit the orc priest.
The orc priest is heavily wounded.
The orc priest threatens, "By the altar or by the axe, you will meet Beogh!"
The orc priest hits you with a +0 dagger.
The orc priest hits you but does no damage.
You hit the orc priest but do no damage.
The orc priest is heavily wounded.
The orc priest barely misses you.
You hit the orc priest.
The orc priest is severely wounded.
The orc priest shouts, "Join the one true god or die!"
The orc priest invokes the aid of Beogh against you.
Beogh smites you!
You die...

....#.#.#
###......# #
.........# .
.......>. # .
#.#....##.#
#<........#
#.....o####
#.####o# #########
#@#
........#.######.#
........#........#
........######..##
........##......#
........##.###.##
........#..###.#
...............#
#######.########


You could see an orc priest and an orc.

Vanquished Creatures
  5 adders
  A worm (D:2)
  3 dart slugs
  4 orcs (D:3)
  8 endoplasms
  A giant cockroach (D:2)
  2 goblins (D:1)
  8 hobgoblins
  6 kobolds
  3 quokkas
  6 ball pythons
  4 frilled lizards
  4 rats
55 creatures vanquished.

Notes
Turn   | Place    | Note
-------+----------+-------------------------------------------
     0 | D:1      | fireball365 the Hill Orc Fighter began the quest for the
                  | Orb.
     0 | D:1      | Reached XP level 1. HP: 19/19 MP: 1/1
   291 | D:1      | Found a faded altar of an unknown god.
   299 | D:1      | Reached XP level 2. HP: 26/27 MP: 2/2
  1011 | D:2      | Reached XP level 3. HP: 33/33 MP: 3/3
  1497 | D:2      | Reached XP level 4. HP: 32/41 MP: 4/4
  2336 | D:3      | Killed from afar by an orc priest

Illustrated notes

Levels and vault maps discovered:
D:1:      saegor_arrival_miasma, layout_basic, hellmonk_ecumenical_altar_blasted
D:2:      wander_river, layout_basic
D:3:      layout_basic

Skill      XL: |  1  2  3  4 |
---------------+-------------+-----
Fighting       | 4 |  4.3
Axes           | 3 4 |  4.2
Armour         | 4 |  4.4
Dodging        | |  0.1
Stealth        | |  0.3
Shields        | |  3.6

Action                     |  1- 3 |  4- 6 || total
---------------------------+-------+-------++-------
  Melee: War axe           |   101 |    64 ||   165
    Use: Scroll            |       |     3 ||     3
 Armour: Scale mail        |    52 |    26 ||    78
  Dodge: Dodged            |    65 |    30 ||    95
  Block: Buckler           |    26 |    17 ||    43
